 Dungeon Crawl Stone Soup version 0.31-a0-174-g85c54bcb58 (webtiles) character file.

Game seed: 4318496373324650316

91607 qw the Marksnaga (level 16, 0/157 HPs)
             Began as a Naga Hunter on June 15, 2023.
             Was an Elder of Okawaru.
             Slain by an orc warrior
             ... wielding a +0 long sword of holy wrath
              (7 damage)
             ... on level 2 of the Orcish Mines.
             The game lasted 00:10:19 (20780 turns).

qw the Marksnaga (Naga Hunter)                     Turns: 20780, Time: 00:10:20

Health: 0/157      AC: 25    Str: 13    XL:     16   Next: 3%
Magic:  23/23      EV: 26    Int:  9    God:    Okawaru [****..]
Gold:   823        SH:  0    Dex: 28    Spells: 15/15 levels left

rFire   . . .        w - +0 arbalest
rCold   + . .        (shield currently unavailable)
rNeg    . . .        s - +0 troll leather armour
rPois   +            u - +2 helmet
rElec   .            c - +1 cloak
rCorr   .            m - +2 pair of gloves
SInv    +            o - +0 barding of the Other Side {rC+ Dex+2}
Will    ++...        t - amulet of the acrobat
Stlth   ++++         a - +5 ring of evasion
HPRegen 1.26/turn    l - +4 ring of slaying {mikee}
MPRegen 0.18/turn

%: acrobat
@: lethally poisoned (0 -> -1), about to teleport, heroic, very slow
A: AC +5, large, see invisible, deformed body, poison resistance, slowness 2,
spit poison 1, naga tail 2, stinger 1, agile 1
a: Spit Poison, Renounce Religion, Heroism, Finesse


You were on level 2 of the Orcish Mines.
You worshipped Okawaru.
Okawaru was greatly pleased with you.
You visited 3 branches of the dungeon, and saw 22 of its levels.

You collected 2061 gold pieces.
You spent 1238 gold pieces at shops.


Innate Abilities, Weirdness & Mutations

Your serpentine skin is tough. (AC +5)
You have supernaturally acute eyesight. (SInv)
Armour fits poorly on your strangely shaped body.
Your system is resistant to poisons. (rPois)
You cover ground very slowly.
You can spit poison.
You can use your snake-like lower body to constrict enemies.
Your tail ends in a venomous barb.
You are agile. (Dex +4, Str/Int -1)


   Skills:
 - Level 13.4(18.4) Fighting
 + Level 17.4(22.4) Ranged Weapons
 - Level 7.0(12.0) Armour
 - Level 10.0(15.0) Dodging
 - Level 1.5(6.5) Stealth
 - Level 10.0 Invocations


You had 15 spell levels left.
You didn't know any spells.
Your spell library was empty.

Inventory:

Hand Weapons
 w - a +0 arbalest (weapon)
Armour
 c - a +1 cloak (worn)
 m - a +2 pair of gloves (worn)
 o - the +0 barding of the Other Side (worn) {rC+ Dex+2}
   (Okawaru gifted it to you on level 14 of the Dungeon)

   Dex:       It affects your dexterity (+2).
   rC:        It protects you from cold.
 p - the +0 robe of Wostoek {rF+ rC+}
   (You found it on level 15 of the Dungeon)

   rF:        It protects you from fire.
   rC:        It protects you from cold.
 s - a +0 troll leather armour (worn)
 u - a +2 helmet (worn)
Jewellery
 a - a +5 ring of evasion (left hand)
 l - a +4 ring of slaying (right hand) {mikee}
 n - a ring of fire
 q - a ring of fire
 t - an amulet of the acrobat (around neck)
Wands
 h - a wand of digging (5)
Scrolls
 j - 5 scrolls of identify
 r - 2 scrolls of teleportation
Potions
 b - a potion of mutation
 d - 2 potions of resistance
 f - a potion of magic
 g - 2 potions of haste
 i - 7 potions of curing
 k - 4 potions of might
 v - a potion of cancellation

Dungeon Overview and Level Annotations

Branches:
Dungeon (15/15)            Temple (0/1) D:4            Lair (5/5) D:11
  Swamp (0/4) Lair:2       Spider (0/4) Lair:3        Slime (0/5) Lair:4
    Orc (2/2) D:9          Vaults (0/5) D:14         Depths (0/4) D:15
    Elf: Orc:2

Altars:
Cheibriados
Elyvilon
Nemelex Xobeh
Okawaru
Sif Muna
Trog
Vehumet
Zin
The Shining One
Jiyva

Shops:
D:5 *(   D:8 =   D:13 [   Orc:1 *   Orc:2 ![*[

Annotations:
D:3 1 runed translucent door, Crazy Yiuf
D:7 3 runed translucent doors, qw's ghost, novice GrFi


Message History

Enter note:
Enter note:
Enter note: You shoot a bolt.
The orc warrior shouts!
The bolt hits the orc warrior!!
You kill the orc warrior!
Okawaru accepts your kill.
You feel sick.
The orc knight roars a battlecry!
The orcs go into a battle-frenzy!
An orc warrior comes into view. It is wielding a +0 hand axe.
The orc priest misses you. The orc warrior misses you.
The orc warrior hits you with a +0 scimitar!
The orc warrior misses you.
The orc knight roars a battlecry!
The orcs go into a battle-frenzy!
The orc high priest prays to Beogh.
Enter note:
Enter note:
Enter note:
Enter note:
Enter note:
Enter note:
Enter note:
Enter note:
20780 ||| READING 3 scrolls of teleportation.
As you read the scroll of teleportation, it crumbles to dust.
You feel strangely unstable.
You feel sick.
The orc knight roars a battlecry!
The orcs go into a battle-frenzy!
The orc warrior completely misses you.
The orc high priest mumbles some strange prayers to Beogh.
The orc knight hits you with a +0 great mace!!
The orc priest begins to cast a cantrip, but forgets the words!
An orc comes into view. It is wielding a +0 hand axe.
An orc comes into view. It is wielding a +0 flail.
The orc warrior hits you with a +0 long sword of holy wrath!
You die...

######
###.....###
###.........#
##.....o.4....
#.........o.
#\#.#.#o#.#o#.#.
\....ooooooo.o..


#.o3oo@oooo..o \....oooo..o..o. #\#.#o#o#3#o#.#o #.3....o.... ##............
###.........# ###.....### ###### You could see 3 orc knights, 4 orc high
priests, a sixfirhy (summoned), 2 smoke demons, a chaos spawn (summoned), an orc
sorcerer (strong), 13 orc warriors, 5 orc priests and 5 orcs.

Vanquished Creatures
  Saint Roka (Orc:2)
  A stone giant (D:15)
  Nessos (Orc:2)
  Snorg (Orc:2)
  Josephine (D:15)
  4 hydras
  2 ogre magi (D:15)
  2 vault guards (D:14)
  3 catoblepae (Lair:5)
  10 two-headed ogres
  3 centaur warriors
  2 death knights (D:14)
  2 boulder beetles
  11 death yaks
  6 tengu warriors
  3 skeletal warriors
  A fire crab (Lair:4)
  A skyshark (Lair:1)
  An orb spider (Lair:3)
  A wizard (D:14)
  An orc knight (Orc:2)
  2 deep elf pyromancers
  4 necromancers
  2 orc sorcerers (Orc:1)
  A phantasmal warrior (D:14)
  11 ugly things
  3 cyclopes
  6 manticores
  Maurice (D:9)
  An elephant (Lair:3)
  Maggie (D:8)
  Joseph (D:8)
  4 black mambas
  8 cane toads
  Psyche (D:9)
  3 gargoyles
  5 rime drakes
  A freezing wraith (D:14)
  4 tengu conjurers
  8 komodo dragons
  An efreet (D:15)
  A queen bee (Lair:3)
  8 trolls
  A hornet (D:9)
  8 blink frogs (Lair:5)
  4 dream sheep (Lair:4)
  21 slime creatures
  A shadow (D:13)
  13 wraiths
  55 yaks
  A vampire (D:12)
  9 wyverns
  20 humans (D:14)
  4 basilisks
  3 wargs
  3 vampire mosquitoes (D:10)
  A swamp worm (Lair:2)
  A two-headed ogre zombie (Orc:1)
  17 water moccasins
  16 orc warriors
  2 black bears
  An ice beast (D:5)
  A sky beast (D:8)
  4 boggarts (D:14)
  5 ogres
  A wolf (Lair:3)
  7 centaurs
  3 phantoms
  A kobold brigand (D:8)
  14 bullfrogs
  A gnoll sergeant (D:10)
  4 scorpions
  3 wights (D:8)
  54 killer bees
  An electric eel (Lair:4)
  9 howler monkeys
  A crimson imp (D:3)
  4 hounds (D:6)
  2 jellies (D:4)
  12 orc priests
  22 orc wizards
  2 sleepcaps
  3 iguanas
  6 hell rats
  An ogre skeleton (Orc:1)
  Robin (D:3)
  5 adders
  6 gnolls
  2 orc skeletons (Orc:1)
  A shadow imp (D:6)
  3 white imps
  An ufetubus (D:6)
  2 orc simulacra (Orc:1)
  A worm (D:2)
  A dart slug (D:2)
  75 orcs
  7 ball pythons
  8 endoplasms
  3 giant cockroaches
  14 hobgoblins
  4 quokkas
  6 bats
  12 frilled lizards
  13 goblins
  2 goblin skeletons (D:3)
  2 hobgoblin zombies (D:3)
  7 kobolds
  A kobold skeleton (D:3)
  A kobold zombie (D:3)
  3 orc zombies
  7 rats
665 creatures vanquished.

Notes
Turn   | Place    | Note
-------+----------+-------------------------------------------
     0 | D:1      | qw the Naga Hunter began the quest for the Orb.
     0 | D:1      | Reached XP level 1. HP: 19/19 MP: 1/1
     0 | D:1      | 0 ||| qw: Version: 0.2-a-29-g511e9b1
     0 | D:1      | 0 ||| qw: Game counter: 5576
     0 | D:1      | 0 ||| qw: Always use a shield: true
     0 | D:1      | 0 ||| qw: God list: Okawaru
     0 | D:1      | 0 ||| qw: Allow faded altars: false
     0 | D:1      | 0 ||| qw: Do Orc after D:15 true
     0 | D:1      | 0 ||| qw: Do second Lair branch before Depths: true
     0 | D:1      | 0 ||| qw: Lair rune preference: random
     0 | D:1      | 0 ||| qw: Plans: Normal
     0 | D:1      | 0 ||| PLANNING D:1-11
    39 | D:1      | 39 ||| INVOKING Spit Poison.
    56 | D:1      | 56 ||| INVOKING Spit Poison.
    59 | D:1      | 59 ||| INVOKING Spit Poison.
    60 | D:1      | 60 ||| INVOKING Spit Poison.
   101 | D:1      | 101 ||| INVOKING Spit Poison.
   102 | D:1      | 102 ||| INVOKING Spit Poison.
   107 | D:1      | 107 ||| INVOKING Spit Poison.
   187 | D:1      | 187 ||| INVOKING Spit Poison.
   188 | D:1      | 188 ||| INVOKING Spit Poison.
   319 | D:1      | 319 ||| INVOKING Spit Poison.
   321 | D:1      | Reached skill level 4 in Ranged Weapons
   321 | D:1      | Reached XP level 2. HP: 26/26 MP: 2/2
   361 | D:1      | 361 ||| INVOKING Spit Poison.
   396 | D:1      | 396 ||| INVOKING Spit Poison.
   675 | D:1      | 675 ||| READING scroll labelled DUVIDGHA ORAC.
   676 | D:1      | 676 ||| READING 2 scrolls labelled HARHO POIN.
   677 | D:1      | 677 ||| READING scroll labelled COAGHUNLO BANI.
   678 | D:1      | 678 ||| DRINKING 2 pink potions.
   679 | D:1      | 679 ||| DROPPING scroll of butterflies.
   680 | D:1      | 680 ||| DROPPING scroll of blinking.
   697 | D:2      | 697 ||| INVOKING Spit Poison.
   700 | D:2      | 700 ||| INVOKING Spit Poison.
   767 | D:2      | 767 ||| INVOKING Spit Poison.
   785 | D:2      | 785 ||| INVOKING Spit Poison.
   824 | D:2      | 824 ||| INVOKING Spit Poison.
   825 | D:2      | 825 ||| INVOKING Spit Poison.
   850 | D:2      | 850 ||| INVOKING Spit Poison.
   852 | D:2      | Reached XP level 3. HP: 32/32 MP: 3/3
   856 | D:2      | 856 ||| INVOKING Spit Poison.
   879 | D:2      | 879 ||| INVOKING Spit Poison.
   884 | D:2      | 884 ||| INVOKING Spit Poison.
   962 | D:2      | 962 ||| INVOKING Spit Poison.
   968 | D:2      | 968 ||| INVOKING Spit Poison.
  1025 | D:2      | 1025 ||| INVOKING Spit Poison.
  1034 | D:2      | 1034 ||| INVOKING Spit Poison.
  1037 | D:2      | 1037 ||| INVOKING Spit Poison.
  1065 | D:2      | 1065 ||| INVOKING Spit Poison.
  1116 | D:2      | 1116 ||| INVOKING Spit Poison.
  1131 | D:2      | Noticed a black bear
  1134 | D:2      | 1134 ||| INVOKING Spit Poison.
  1140 | D:2      | 1140 ||| INVOKING Spit Poison.
  1143 | D:2      | Killed a black bear
  1144 | D:2      | Reached skill level 5 in Ranged Weapons
  1144 | D:2      | Reached XP level 4. HP: 12/39 MP: 4/4
  1144 | D:2      | Reached XP level 5. HP: 13/45 MP: 5/5
  1300 | D:2      | 1300 ||| INVOKING Spit Poison.
  1303 | D:2      | 1303 ||| INVOKING Spit Poison.
  1314 | D:2      | 1314 ||| INVOKING Spit Poison.
  1318 | D:2      | 1318 ||| INVOKING Spit Poison.
  1337 | D:2      | 1337 ||| INVOKING Spit Poison.
  1371 | D:2      | 1371 ||| INVOKING Spit Poison.
  1374 | D:2      | 1374 ||| INVOKING Spit Poison.
  1379 | D:2      | 1379 ||| INVOKING Spit Poison.
  1382 | D:2      | 1382 ||| INVOKING Spit Poison.
  1387 | D:2      | 1387 ||| INVOKING Spit Poison.
  1413 | D:2      | 1413 ||| INVOKING Spit Poison.
  1498 | D:2      | 1498 ||| READING scroll labelled UNINAF NAMUEGH.
  1502 | D:2      | 1502 ||| READING scroll labelled RABBITOOFE.
  1503 | D:2      | 1503 ||| READING 2 scrolls labelled KOUXI DIORHU.
  1504 | D:2      | 1504 ||| READING scroll labelled ISTREA FAAZ.
  1505 | D:2      | 1505 ||| DRINKING 2 smoky dark potions.
  1506 | D:2      | 1506 ||| DRINKING 3 clear potions.
  1507 | D:2      | 1507 ||| DROPPING potion of enlightenment.
  1508 | D:2      | 1508 ||| DROPPING scroll of fear.
  1537 | D:3      | Found a faded altar of an unknown god.
  1570 | D:3      | Found a glowing golden altar of the Shining One.
  1631 | D:3      | 1631 ||| INVOKING Spit Poison.
  1638 | D:3      | 1638 ||| INVOKING Spit Poison.
  1679 | D:3      | 1679 ||| INVOKING Spit Poison.
  1680 | D:3      | Reached skill level 3 in Fighting
  1695 | D:3      | 1695 ||| INVOKING Spit Poison.
  1702 | D:3      | 1702 ||| INVOKING Spit Poison.
  1822 | D:3      | 1822 ||| INVOKING Spit Poison.
  1826 | D:3      | 1826 ||| INVOKING Spit Poison.
  1854 | D:3      | 1854 ||| INVOKING Spit Poison.
  1857 | D:3      | 1857 ||| INVOKING Spit Poison.
  1861 | D:3      | Noticed Robin
  1862 | D:3      | 1862 ||| INVOKING Spit Poison.
  1865 | D:3      | Reached skill level 6 in Ranged Weapons
  1867 | D:3      | 1867 ||| INVOKING Spit Poison.
  1873 | D:3      | Killed Robin
  1874 | D:3      | Reached XP level 6. HP: 30/56 MP: 6/6
  1874 | D:3      | 1874 ||| INVOKING Spit Poison.
  1880 | D:3      | 1880 ||| INVOKING Spit Poison.
  2045 | D:3      | 2045 ||| INVOKING Spit Poison.
  2046 | D:3      | Found an iron altar of Okawaru.
  2047 | D:3      | 2047 ||| PLANNING OKAWARU WORSHIP
  2047 | D:3      | 2047 ||| UPGRADING to +1 helmet.
  2052 | D:3      | 2052 ||| READING scroll labelled GAMNOR SICEI.
  2053 | D:3      | 2053 ||| READING scroll labelled AMEXZU INGOE.
  2066 | D:3      | Became a worshipper of Warmaster Okawaru
  2067 | D:3      | 2067 ||| PLANNING D:1-11
  2157 | D:3      | Found a runed translucent door.
  2158 | D:3      | Noticed Crazy Yiuf
  2527 | D:3      | 2527 ||| READING scroll labelled RIVOAQ ZUT TIWK.
  2584 | D:4      | 2584 ||| INVOKING Spit Poison.
  2606 | D:4      | 2606 ||| INVOKING Spit Poison.
  2609 | D:4      | 2609 ||| INVOKING Spit Poison.
  2614 | D:4      | 2614 ||| INVOKING Spit Poison.
  2679 | D:4      | 2679 ||| INVOKING Spit Poison.
  2706 | D:4      | 2706 ||| INVOKING Spit Poison.
  2709 | D:4      | 2709 ||| INVOKING Spit Poison.
  2713 | D:4      | 2713 ||| INVOKING Spit Poison.
  2716 | D:4      | 2716 ||| INVOKING Spit Poison.
  2722 | D:4      | Reached XP level 7. HP: 31/64 MP: 7/7
  2722 | D:4      | 2722 ||| INVOKING Spit Poison.
  2723 | D:4      | 2723 ||| INVOKING Spit Poison.
  2861 | D:4      | 2861 ||| INVOKING Spit Poison.
  2868 | D:4      | 2868 ||| INVOKING Spit Poison.
  2905 | D:4      | 2905 ||| INVOKING Spit Poison.
  3019 | D:4      | Found a snail-covered altar of Cheibriados.
  3063 | D:4      | 3063 ||| INVOKING Spit Poison.
  3066 | D:4      | 3066 ||| INVOKING Spit Poison.
  3082 | D:4      | Found a staircase to the Ecumenical Temple.
  3138 | D:4      | Reached skill level 7 in Ranged Weapons
  3350 | D:4      | 3350 ||| INVOKING Spit Poison.
  3505 | D:4      | 3505 ||| READING scroll labelled FIHUDW JUSEIXUV.
  3506 | D:4      | 3506 ||| READING 2 scrolls labelled AXOHIBBE ONOWK.
  3507 | D:4      | 3507 ||| DRINKING 2 sapphire potions.
  3508 | D:4      | 3508 ||| DRINKING 2 grey potions.
  3509 | D:4      | 3509 ||| DRINKING 2 red potions.
  3510 | D:4      | 3510 ||| DRINKING 5 potions of curing.
  3510 | D:4      | 3510 ||| (to cure confusion)
  3511 | D:4      | 3511 ||| DROPPING potion of invisibility.
  3512 | D:4      | 3512 ||| DROPPING potion of degeneration.
  3513 | D:4      | 3513 ||| DROPPING potion of ambrosia.
  3572 | D:5      | Entered Level 5 of the Dungeon
  3577 | D:5      | Found Zoxtuang's Antique Weapon Shop.
  3583 | D:5      | 3583 ||| SHOPLISTING glowing shortbow (162 gold, have 154).
  3583 | D:5      | 3583 ||| INVOKING Spit Poison.
  3770 | D:5      | Found Ovimunne's General Store.
  3807 | D:5      | 3807 ||| INVOKING Spit Poison.
  3827 | D:5      | 3827 ||| INVOKING Spit Poison.
  3834 | D:5      | 3834 ||| INVOKING Spit Poison.
  3838 | D:5      | 3838 ||| INVOKING Spit Poison.
  3964 | D:5      | Found a glowing silver altar of Zin.
  4097 | D:5      | 4097 ||| INVOKING Spit Poison.
  4104 | D:5      | 4104 ||| INVOKING Spit Poison.
  4117 | D:5      | 4117 ||| INVOKING Spit Poison.
  4120 | D:5      | Reached * piety under Okawaru
  4123 | D:5      | 4123 ||| INVOKING Spit Poison.
  4127 | D:5      | 4127 ||| INVOKING Spit Poison.
  4237 | D:5      | Reached skill level 1 in Invocations
  4237 | D:5      | Reached XP level 8. HP: 63/72 MP: 7/9
  4310 | D:5      | 4310 ||| INVOKING Spit Poison.
  4343 | D:5      | 4343 ||| DROPPING amulet of magic regeneration.
  4344 | D:5      | 4344 ||| UPGRADING to +5 ring of evasion.
  4380 | D:6      | 4380 ||| INVOKING Spit Poison.
  4386 | D:6      | 4386 ||| INVOKING Spit Poison.
  4391 | D:6      | 4391 ||| INVOKING Spit Poison.
  4396 | D:6      | 4396 ||| INVOKING Spit Poison.
  4397 | D:6      | 4397 ||| DRINKING 5 potions of curing.
  4397 | D:6      | 4397 ||| (to cure confusion)
  4399 | D:6      | 4399 ||| INVOKING Heroism.
  4400 | D:6      | 4400 ||| INVOKING Spit Poison.
  4407 | D:6      | 4407 ||| INVOKING Spit Poison.
  4503 | D:6      | 4503 ||| INVOKING Spit Poison.
  4504 | D:6      | Reached skill level 8 in Ranged Weapons
  4508 | D:6      | 4508 ||| INVOKING Heroism.
  4509 | D:6      | 4509 ||| INVOKING Spit Poison.
  4513 | D:6      | 4513 ||| INVOKING Spit Poison.
  4516 | D:6      | Reached skill level 3 in Invocations
  4549 | D:6      | 4549 ||| Stepping ~*~*~tactically~*~*~ (outnumbered).
  4550 | D:6      | 4550 ||| INVOKING Spit Poison.
  4553 | D:6      | 4553 ||| INVOKING Spit Poison.
  4558 | D:6      | 4558 ||| INVOKING Spit Poison.
  4613 | D:6      | 4613 ||| INVOKING Heroism.
  4616 | D:6      | 4616 ||| INVOKING Spit Poison.
  4667 | D:6      | 4667 ||| INVOKING Spit Poison.
  4826 | D:6      | 4826 ||| INVOKING Spit Poison.
  4907 | D:6      | 4907 ||| UPGRADING to +0 pair of gloves.
  4912 | D:6      | 4912 ||| UPGRADING to +4 ring of slaying {mikee}.
  4913 | D:6      | 4913 ||| READING scroll labelled GOTUADINIA.
  4914 | D:6      | 4914 ||| DRINKING 2 brown potions.
  4923 | D:7      | Reached skill level 1 in Armour
  4967 | D:7      | 4967 ||| INVOKING Heroism.
  4968 | D:7      | 4968 ||| INVOKING Spit Poison.
  4973 | D:7      | 4973 ||| INVOKING Spit Poison.
  5003 | D:7      | Found a runed translucent gate.
  5003 | D:7      | Found a runed translucent gate.
  5004 | D:7      | Found a runed translucent gate.
  5004 | D:7      | Noticed a yak
  5007 | D:7      | Noticed qw's ghost (novice GrFi)
  5179 | D:7      | Found a sparkling altar of Nemelex Xobeh.
  5200 | D:7      | 5200 ||| INVOKING Spit Poison.
  5267 | D:7      | 5267 ||| INVOKING Spit Poison.
  5270 | D:7      | 5270 ||| INVOKING Spit Poison.
  5272 | D:7      | 5272 ||| DRINKING 5 potions of curing.
  5272 | D:7      | 5272 ||| (to cure confusion)
  5413 | D:7      | Found a white marble altar of Elyvilon.
  5413 | D:7      | Found a shimmering blue altar of Sif Muna.
  5476 | D:7      | 5476 ||| INVOKING Spit Poison.
  5479 | D:7      | Reached XP level 9. HP: 81/81 MP: 12/12
  5489 | D:7      | 5489 ||| INVOKING Spit Poison.
  5515 | D:7      | Reached skill level 9 in Ranged Weapons
  5591 | D:7      | 5591 ||| READING scroll labelled SONY FUCEU.
  5627 | D:8      | 5627 ||| INVOKING Spit Poison.
  5629 | D:8      | Reached skill level 3 in Dodging
  5653 | D:8      | Noticed Joseph
  5657 | D:8      | 5657 ||| INVOKING Spit Poison.
  5660 | D:8      | 5660 ||| INVOKING Heroism.
  5661 | D:8      | 5661 ||| INVOKING Spit Poison.
  5661 | D:8      | HP: 17/81 [Joseph/sling bullet (21)]
  5662 | D:8      | 5662 ||| READING scroll of teleportation.
  5663 | D:8      | 5663 ||| DRINKING 8 potions of heal wounds.
  5670 | D:8      | 5670 ||| INVOKING Spit Poison.
  5678 | D:8      | 5678 ||| INVOKING Spit Poison.
  5679 | D:8      | 5679 ||| INVOKING Heroism.
  5684 | D:8      | 5684 ||| INVOKING Spit Poison.
  5688 | D:8      | 5688 ||| INVOKING Spit Poison.
  5696 | D:8      | 5696 ||| INVOKING Spit Poison.
  5697 | D:8      | HP: 16/82 [Joseph/sling bullet (19)]
  5698 | D:8      | 5698 ||| DRINKING 7 potions of heal wounds.
  5700 | D:8      | 5700 ||| INVOKING Heroism.
  5702 | D:8      | 5702 ||| INVOKING Spit Poison.
  5703 | D:8      | Killed Joseph
  5704 | D:8      | Reached skill level 6 in Fighting
  5855 | D:8      | Found Pijox's Jewellery Shop.
  5863 | D:8      | 5863 ||| SHOPLISTING amulet of reflection (360 gold, have
                  | 314).
  5863 | D:8      | 5863 ||| BUYING ring of fire (300 gold).
  5863 | D:8      | Bought a ring of fire for 300 gold pieces
  5863 | D:8      | 5863 ||| SHOPLISTING ring of protection from fire (300
                  | gold, have 14).
  5863 | D:8      | Identified the +0 chain mail "Zytufer" {rElec}
  5871 | D:8      | 5871 ||| INVOKING Heroism.
  5875 | D:8      | 5875 ||| INVOKING Spit Poison.
  5879 | D:8      | 5879 ||| INVOKING Spit Poison.
  5922 | D:8      | 5922 ||| INVOKING Spit Poison.
  5929 | D:8      | Reached ** piety under Okawaru
  5930 | D:8      | 5930 ||| INVOKING Spit Poison.
  5933 | D:8      | 5933 ||| INVOKING Heroism.
  5934 | D:8      | 5934 ||| INVOKING Spit Poison.
  5938 | D:8      | 5938 ||| INVOKING Spit Poison.
  5948 | D:8      | Reached skill level 10 in Ranged Weapons
  5948 | D:8      | 5948 ||| INVOKING Spit Poison.
  6252 | D:8      | 6252 ||| INVOKING Spit Poison.
  6257 | D:8      | Reached XP level 10. HP: 94/94 MP: 13/13
  6290 | D:8      | Identified the +8 plate armour of Pathos {Drain rElec rPois
                  | rF+}
  6325 | D:8      | Found a bloodstained altar of Trog.
  6381 | D:8      | 6381 ||| INVOKING Spit Poison.
  6386 | D:8      | 6386 ||| INVOKING Spit Poison.
  6390 | D:8      | 6390 ||| INVOKING Spit Poison.
  6750 | D:8      | 6750 ||| DRINKING 2 cyan potions.
  6750 | D:8      | Gained mutation: You are agile. (Dex +4, Str/Int -1)
                  | [potion of mutation]
  6750 | D:8      | Gained mutation: Your tail ends in a venomous barb. [potion
                  | of mutation]
  6767 | D:9      | Found a staircase to the Orcish Mines.
  6768 | D:9      | 6768 ||| INVOKING Spit Poison.
  6773 | D:9      | Noticed Maggie
  6776 | D:9      | 6776 ||| INVOKING Spit Poison.
  6778 | D:9      | 6778 ||| STAIRDANCE
  6817 | D:9      | Noticed Psyche
  6818 | D:9      | 6818 ||| INVOKING Heroism.
  6819 | D:9      | 6819 ||| INVOKING Spit Poison.
  6821 | D:9      | 6821 ||| STAIRDANCE
  6826 | D:8      | 6826 ||| INVOKING Spit Poison.
  6830 | D:8      | Killed Maggie
  6832 | D:8      | 6832 ||| INVOKING Spit Poison.
  7001 | D:8      | 7001 ||| UPGRADING to +0 swamp dragon scales.
  7011 | D:8      | 7011 ||| DROPPING +0 leather armour.
  7015 | D:9      | 7015 ||| INVOKING Spit Poison.
  7018 | D:9      | Reached *** piety under Okawaru
  7024 | D:9      | 7024 ||| INVOKING Heroism.
  7027 | D:9      | 7027 ||| INVOKING Spit Poison.
  7028 | D:9      | Killed Psyche
  7160 | D:9      | 7160 ||| INVOKING Spit Poison.
  7164 | D:9      | 7164 ||| INVOKING Spit Poison.
  7168 | D:9      | 7168 ||| INVOKING Spit Poison.
  7258 | D:9      | 7258 ||| INVOKING Spit Poison.
  7267 | D:9      | Noticed Maurice
  7281 | D:9      | Paralysed by Maurice for 5 turns
  7288 | D:9      | 7288 ||| INVOKING Spit Poison.
  7296 | D:9      | 7296 ||| INVOKING Spit Poison.
  7301 | D:9      | 7301 ||| INVOKING Spit Poison.
  7306 | D:9      | 7306 ||| INVOKING Spit Poison.
  7307 | D:9      | Killed Maurice
  7308 | D:9      | Reached skill level 11 in Ranged Weapons
  7375 | D:9      | 7375 ||| INVOKING Spit Poison.
  7383 | D:9      | Reached skill level 3 in Armour
  7545 | D:9      | 7545 ||| INVOKING Spit Poison.
  7742 | D:9      | 7742 ||| INVOKING Spit Poison.
  7743 | D:9      | 7743 ||| INVOKING Heroism.
  7748 | D:9      | 7748 ||| INVOKING Spit Poison.
  7756 | D:9      | 7756 ||| INVOKING Spit Poison.
  7916 | D:9      | 7916 ||| UPGRADING to +1 cloak.
  7921 | D:9      | 7921 ||| DROPPING ring of flight.
  7937 | D:10     | Entered Level 10 of the Dungeon
  7949 | D:10     | 7949 ||| INVOKING Spit Poison.
  7954 | D:10     | 7954 ||| INVOKING Spit Poison.
  8062 | D:10     | 8062 ||| INVOKING Spit Poison.
  8067 | D:10     | 8067 ||| INVOKING Spit Poison.
  8067 | D:10     | Reached **** piety under Okawaru
  8194 | D:10     | 8194 ||| INVOKING Spit Poison.
  8212 | D:10     | Noticed a two-headed ogre
  8213 | D:10     | 8213 ||| INVOKING Heroism.
  8214 | D:10     | 8214 ||| INVOKING Spit Poison.
  8218 | D:10     | Killed a two-headed ogre
  8247 | D:10     | 8247 ||| INVOKING Heroism.
  8250 | D:10     | 8250 ||| INVOKING Spit Poison.
  8254 | D:10     | Reached XP level 11. HP: 103/103 MP: 11/14
  8411 | D:10     | 8411 ||| INVOKING Heroism.
  8412 | D:10     | 8412 ||| INVOKING Spit Poison.
  8420 | D:10     | 8420 ||| INVOKING Spit Poison.
  8424 | D:10     | 8424 ||| INVOKING Spit Poison.
  8438 | D:10     | Noticed a skeletal warrior
  8439 | D:10     | 8439 ||| INVOKING Heroism.
  8440 | D:10     | 8440 ||| Stepping ~*~*~tactically~*~*~ (outnumbered).
  8441 | D:10     | 8441 ||| INVOKING Spit Poison.
  8464 | D:10     | HP: 17/103 [skeletal warrior/+0 battleaxe (15)]
  8465 | D:10     | 8465 ||| READING 2 scrolls of teleportation.
  8466 | D:10     | 8466 ||| DRINKING 7 potions of heal wounds.
  8467 | D:10     | 8467 ||| INVOKING Heroism.
  8468 | D:10     | 8468 ||| DRINKING 6 potions of heal wounds.
  8469 | D:10     | Killed a skeletal warrior
  8470 | D:10     | Reached skill level 12 in Ranged Weapons
  8470 | D:10     | 8470 ||| INVOKING Spit Poison.
  8500 | D:10     | 8500 ||| INVOKING Heroism.
  8615 | D:10     | 8615 ||| INVOKING Spit Poison.
  8686 | D:10     | Noticed a brown ugly thing
  8687 | D:10     | 8687 ||| INVOKING Heroism.
  8688 | D:10     | 8688 ||| INVOKING Spit Poison.
  8693 | D:10     | 8693 ||| INVOKING Spit Poison.
  8697 | D:10     | 8697 ||| INVOKING Spit Poison.
  8700 | D:10     | Killed a brown ugly thing
  8705 | D:10     | 8705 ||| Stepping ~*~*~tactically~*~*~ (outnumbered).
  8706 | D:10     | 8706 ||| INVOKING Spit Poison.
  8710 | D:10     | 8710 ||| INVOKING Spit Poison.
  8718 | D:10     | 8718 ||| INVOKING Spit Poison.
  8718 | D:10     | HP: 21/103 [yak (6)]
  8719 | D:10     | 8719 ||| READING scroll of teleportation.
  8719 | D:10     | HP: 6/103 [troll (15)]
  8720 | D:10     | 8720 ||| DRINKING 5 potions of heal wounds.
  8721 | D:10     | 8721 ||| INVOKING Heroism.
  8723 | D:10     | 8723 ||| DRINKING 4 potions of heal wounds.
  8954 | D:10     | 8954 ||| READING scroll of brand weapon.
  8954 | D:10     | 8954 ||| BRANDING +1 shortbow of freezing.
  8984 | D:10     | Found a radiant altar of Vehumet.
  8985 | D:10     | 8985 ||| INVOKING Spit Poison.
  8992 | D:10     | 8992 ||| INVOKING Spit Poison.
  8996 | D:10     | 8996 ||| INVOKING Spit Poison.
  9031 | D:10     | 9031 ||| INVOKING Spit Poison.
  9036 | D:10     | 9036 ||| INVOKING Spit Poison.
  9040 | D:10     | 9040 ||| INVOKING Spit Poison.
  9349 | D:10     | 9349 ||| INVOKING Spit Poison.
  9350 | D:10     | 9350 ||| INVOKING Heroism.
  9356 | D:10     | 9356 ||| INVOKING Spit Poison.
  9434 | D:10     | 9434 ||| UPGRADING to +0 orcbow of flaming.
  9435 | D:10     | 9435 ||| DROPPING +1 shortbow of chaos.
  9554 | D:10     | 9554 ||| INVOKING Heroism.
  9555 | D:10     | 9555 ||| INVOKING Spit Poison.
  9580 | D:10     | 9580 ||| UPGRADING to +0 troll leather armour.
  9590 | D:10     | 9590 ||| DROPPING +0 swamp dragon scales.
  9591 | D:10     | 9591 ||| READING scroll labelled CUL ZAAROET.
  9591 | D:10     | Identified a scroll of acquirement
  9591 | D:10     | 9591 ||| ACQUIRING +1 barding of stealth
  9591 | D:10     | Acquired a +1 barding of stealth
  9593 | D:10     | 9593 ||| UPGRADING to +1 barding of stealth.
  9598 | D:10     | 9598 ||| READING 2 scrolls of identify.
  9598 | D:10     | 9598 ||| IDENTIFYING fuming cyan potion
  9610 | D:11     | 9610 ||| INVOKING Spit Poison.
  9619 | D:11     | 9619 ||| INVOKING Spit Poison.
  9624 | D:11     | 9624 ||| INVOKING Spit Poison.
  9633 | D:11     | 9633 ||| INVOKING Spit Poison.
  9697 | D:11     | 9697 ||| INVOKING Spit Poison.
  9700 | D:11     | Received a gift from Okawaru
  9701 | D:11     | 9701 ||| INVOKING Spit Poison.
  9702 | D:11     | Noticed a death yak
  9702 | D:11     | Noticed a death yak
  9703 | D:11     | 9703 ||| INVOKING Heroism.
  9705 | D:11     | Noticed a death yak
  9710 | D:11     | 9710 ||| INVOKING Spit Poison.
  9717 | D:11     | Killed a death yak
  9720 | D:11     | 9720 ||| INVOKING Spit Poison.
  9727 | D:11     | 9727 ||| INVOKING Spit Poison.
  9730 | D:11     | Killed a death yak
  9731 | D:11     | Reached skill level 6 in Invocations
  9731 | D:11     | 9731 ||| INVOKING Spit Poison.
  9733 | D:11     | HP: 24/103 [death yak (17)]
  9734 | D:11     | 9734 ||| DRINKING 4 potions of heal wounds.
  9736 | D:11     | 9736 ||| INVOKING Spit Poison.
  9737 | D:11     | 9737 ||| INVOKING Spit Poison.
  9739 | D:11     | 9739 ||| INVOKING Heroism.
  9743 | D:11     | Killed a death yak
  9745 | D:11     | 9745 ||| INVOKING Spit Poison.
  9797 | D:11     | 9797 ||| INVOKING Spit Poison.
  9808 | D:11     | Found a staircase to the Lair.
  9913 | D:11     | 9913 ||| INVOKING Spit Poison.
  9918 | D:11     | 9918 ||| INVOKING Spit Poison.
  9925 | D:11     | Reached skill level 13 in Ranged Weapons
  9925 | D:11     | 9925 ||| INVOKING Spit Poison.
  9930 | D:11     | 9930 ||| INVOKING Spit Poison.
  9931 | D:11     | 9931 ||| INVOKING Heroism.
  9937 | D:11     | 9937 ||| INVOKING Spit Poison.
 10017 | D:11     | 10017 ||| READING scroll of enchant armour.
 10017 | D:11     | 10017 ||| ENCHANTING +0 pair of gloves.
 10301 | D:11     | Noticed a manticore
 10302 | D:11     | 10302 ||| INVOKING Heroism.
 10306 | D:11     | 10306 ||| INVOKING Spit Poison.
 10307 | D:11     | Killed a manticore
 10308 | D:11     | Reached XP level 12. HP: 112/112 MP: 14/17
 10426 | D:11     | 10426 ||| READING scroll of enchant armour.
 10426 | D:11     | 10426 ||| ENCHANTING +1 pair of gloves.
 10460 | D:11     | 10460 ||| INVOKING Heroism.
 10462 | D:11     | Received a gift from Okawaru
 10622 | D:11     | 10622 ||| PLANNING LAIR
 10622 | D:11     | 10622 ||| READING 2 scrolls of identify.
 10622 | D:11     | 10622 ||| IDENTIFYING bubbling emerald potion
 10655 | Lair:1   | Entered Level 1 of the Lair of Beasts
 10699 | Lair:1   | 10699 ||| INVOKING Heroism.
 10749 | Lair:1   | 10749 ||| INVOKING Heroism.
 10795 | Lair:1   | Noticed a skyshark
 10802 | Lair:1   | Killed a skyshark
 10803 | Lair:1   | Reached skill level 9 in Fighting
 11518 | Lair:1   | 11518 ||| READING 2 scrolls of identify.
 11518 | Lair:1   | 11518 ||| IDENTIFYING orange potion
 11519 | Lair:1   | 11519 ||| DROPPING potion of berserk rage.
 11548 | Lair:2   | 11548 ||| STAIRDANCE
 11577 | Lair:2   | Reached skill level 9 in Invocations
 11812 | Lair:2   | Found a staircase to the Swamp.
 11813 | Lair:2   | 11813 ||| INVOKING Heroism.
 12267 | Lair:2   | 12267 ||| READING 2 scrolls of identify.
 12267 | Lair:2   | 12267 ||| IDENTIFYING emerald potion
 12268 | Lair:2   | 12268 ||| DROPPING potion of attraction.
 12339 | Lair:3   | 12339 ||| INVOKING Heroism.
 12378 | Lair:3   | 12378 ||| Stepping ~*~*~tactically~*~*~ (outnumbered).
 12398 | Lair:3   | 12398 ||| INVOKING Heroism.
 12398 | Lair:3   | HP: 20/114 [killer bee (10)]
 12399 | Lair:3   | 12399 ||| READING 2 scrolls of teleportation.
 12400 | Lair:3   | 12400 ||| DRINKING 3 potions of heal wounds.
 12433 | Lair:3   | 12433 ||| INVOKING Heroism.
 12491 | Lair:3   | 12491 ||| INVOKING Heroism.
 12506 | Lair:3   | Reached skill level 14 in Ranged Weapons
 12737 | Lair:3   | 12737 ||| Stepping ~*~*~tactically~*~*~ (outnumbered).
 12743 | Lair:3   | Reached skill level 6 in Dodging
 12763 | Lair:3   | Reached ***** piety under Okawaru
 12764 | Lair:3   | Gained mutation: You can use your snake-like lower body to
                  | constrict enemies. [Naga growth]
 12764 | Lair:3   | Reached XP level 13. HP: 111/121 MP: 20/20
 12949 | Lair:3   | 12949 ||| INVOKING Heroism.
 13096 | Lair:3   | 13096 ||| INVOKING Finesse.
 13128 | Lair:3   | Found a hole to the Spider Nest.
 13485 | Lair:4   | 13485 ||| INVOKING Heroism.
 13679 | Lair:4   | 13679 ||| Stepping ~*~*~tactically~*~*~ (cloud).
 13681 | Lair:4   | 13681 ||| Stepping ~*~*~tactically~*~*~ (cloud).
 13694 | Lair:4   | Found a staircase to the Slime Pits.
 13694 | Lair:4   | Found a viscous altar of Jiyva.
 14102 | Lair:4   | Identified the +1 robe "Wigram" {Fly Int+3} (Okawaru gifted
                  | it to you on level 4 of the Lair of Beasts)
 14102 | Lair:4   | Received a gift from Okawaru
 14147 | Lair:4   | 14147 ||| DROPPING +1 robe "Wigram" {Fly Int+3}.
 14152 | Lair:5   | Entered Level 5 of the Lair of Beasts
 14153 | Lair:5   | 14153 ||| INVOKING Heroism.
 14168 | Lair:5   | 14168 ||| INVOKING Heroism.
 14244 | Lair:5   | Reached skill level 15 in Ranged Weapons
 14484 | Lair:5   | 14484 ||| INVOKING Heroism.
 14518 | Lair:5   | 14518 ||| INVOKING Heroism.
 14637 | Lair:5   | 14637 ||| INVOKING Heroism.
 14828 | Lair:5   | 14828 ||| INVOKING Heroism.
 14829 | Lair:5   | 14829 ||| INVOKING Finesse.
 14893 | Lair:5   | 14893 ||| INVOKING Heroism.
 14894 | Lair:5   | 14894 ||| INVOKING Finesse.
 14906 | Lair:5   | Reached XP level 14. HP: 132/132 MP: 14/21
 14914 | Lair:5   | Reached skill level 16 in Ranged Weapons
 14958 | Lair:5   | 14958 ||| INVOKING Heroism.
 14959 | Lair:5   | 14959 ||| INVOKING Finesse.
 15061 | Lair:5   | 15061 ||| INVOKING Heroism.
 15062 | Lair:5   | 15062 ||| INVOKING Finesse.
 15064 | Lair:5   | Received a gift from Okawaru
 15082 | Lair:5   | 15082 ||| Stepping ~*~*~tactically~*~*~ (cloud).
 15090 | Lair:5   | 15090 ||| Stepping ~*~*~tactically~*~*~ (cloud).
 15147 | Lair:5   | 15147 ||| INVOKING Heroism.
 15172 | Lair:5   | 15172 ||| INVOKING Heroism.
 15179 | Lair:5   | Reached skill level 6 in Armour
 15475 | Lair:5   | 15475 ||| PLANNING D
 15475 | Lair:5   | 15475 ||| READING scroll labelled BEASHR YCIE.
 15709 | D:12     | 15709 ||| INVOKING Heroism.
 15710 | D:12     | 15710 ||| READING 4 scrolls of teleportation.
 16028 | D:12     | 16028 ||| INVOKING Heroism.
 16547 | D:13     | Identified the ring "Deb Liof" {Wiz +Blink Int+2}
 16549 | D:13     | Found Quofor's Antique Armour Shop.
 16558 | D:13     | 16558 ||| BUYING glowing robe (151 gold).
 16558 | D:13     | Bought a glowing robe for 151 gold pieces
 16558 | D:13     | 16558 ||| BUYING shiny helmet (307 gold).
 16558 | D:13     | Bought a shiny helmet for 307 gold pieces
 16781 | D:13     | 16781 ||| INVOKING Heroism.
 17120 | D:13     | 17120 ||| DROPPING +2 robe of positive energy.
 17121 | D:13     | 17121 ||| UPGRADING to +2 helmet.
 17131 | D:13     | 17131 ||| DROPPING +1 helmet.
 17132 | D:13     | 17132 ||| DROPPING ring "Deb Liof" {Wiz +Blink Int+2}.
 17133 | D:13     | 17133 ||| READING 4 scrolls of identify.
 17133 | D:13     | 17133 ||| IDENTIFYING inky potion
 17134 | D:13     | 17134 ||| READING 3 scrolls of identify.
 17134 | D:13     | 17134 ||| IDENTIFYING fizzy ruby potion
 17135 | D:13     | 17135 ||| DROPPING potion of brilliance.
 17326 | D:14     | Reached skill level 12 in Fighting
 17358 | D:14     | Found a gate to the Vaults.
 17372 | D:14     | 17372 ||| INVOKING Heroism.
 17392 | D:14     | HP: 21/138 [vault guard/+0 glaive (16)]
 17393 | D:14     | 17393 ||| READING 5 scrolls of teleportation.
 17393 | D:14     | HP: 8/138 [vault guard/+0 glaive (15)]
 17394 | D:14     | 17394 ||| DRINKING 3 potions of heal wounds.
 17395 | D:14     | 17395 ||| DRINKING 2 potions of heal wounds.
 17414 | D:14     | 17414 ||| INVOKING Heroism.
 17504 | D:14     | 17504 ||| INVOKING Heroism.
 17505 | D:14     | 17505 ||| INVOKING Finesse.
 17666 | D:14     | Received a gift from Okawaru
 17727 | D:14     | Reached skill level 9 in Dodging
 17727 | D:14     | Reached XP level 15. HP: 137/144 MP: 22/22
 17779 | D:14     | 17779 ||| READING scroll of enchant armour.
 17779 | D:14     | 17779 ||| ENCHANTING +1 barding of stealth.
 17913 | D:14     | 17913 ||| INVOKING Heroism.
 17924 | D:14     | Identified the +0 barding of the Other Side {rC+ Dex+2}
                  | (Okawaru gifted it to you on level 14 of the Dungeon)
 17924 | D:14     | Received a gift from Okawaru
 17945 | D:14     | 17945 ||| INVOKING Finesse.
 18243 | D:14     | 18243 ||| UPGRADING to +0 barding of the Other Side {rC+
                  | Dex+2}.
 18253 | D:14     | 18253 ||| DROPPING +2 barding of stealth.
 18258 | D:15     | Entered Level 15 of the Dungeon
 18291 | D:15     | Found a staircase to the Depths.
 18292 | D:15     | 18292 ||| INVOKING Heroism.
 18454 | D:15     | Identified the +0 robe of Wostoek {rF+ rC+}
 18681 | D:15     | 18681 ||| INVOKING Heroism.
 18949 | D:15     | 18949 ||| UPGRADING to +0 arbalest.
 18950 | D:15     | 18950 ||| DROPPING +0 orcbow of flaming.
 19054 | D:15     | 19054 ||| INVOKING Heroism.
 19106 | D:15     | Noticed Josephine
 19113 | D:15     | Killed Josephine
 19482 | D:15     | 19482 ||| INVOKING Heroism.
 19484 | D:15     | 19484 ||| READING 5 scrolls of teleportation.
 19777 | D:15     | 19777 ||| PLANNING ORC
 19777 | D:15     | 19777 ||| DROPPING +4 ring of protection.
 19893 | Orc:1    | Entered Level 1 of the Orcish Mines
 20255 | Orc:2    | Entered Level 2 of the Orcish Mines
 20255 | Orc:2    | Noticed Saint Roka
 20256 | Orc:2    | 20256 ||| INVOKING Heroism.
 20257 | Orc:2    | 20257 ||| INVOKING Finesse.
 20258 | Orc:2    | Received a gift from Okawaru
 20275 | Orc:2    | 20275 ||| STAIRDANCE
 20278 | Orc:1    | Reached skill level 17 in Ranged Weapons
 20343 | Orc:2    | 20343 ||| INVOKING Heroism.
 20344 | Orc:2    | 20344 ||| INVOKING Finesse.
 20356 | Orc:2    | Killed Saint Roka
 20356 | Orc:2    | Identified the +0 buckler of Okawaru's Castigation {rElec
                  | rF++} (Okawaru gifted it to you on level 2 of the Orcish
                  | Mines)
 20356 | Orc:2    | Received a gift from Okawaru
 20399 | Orc:2    | Noticed Snorg
 20409 | Orc:2    | Killed Snorg
 20453 | Orc:1    | Found Vateb's General Store.
 20454 | Orc:1    | 20454 ||| INVOKING Heroism.
 20482 | Orc:1    | 20482 ||| BUYING amulet of the acrobat (450 gold).
 20482 | Orc:1    | Bought an amulet of the acrobat for 450 gold pieces
 20482 | Orc:1    | 20482 ||| BUYING scroll of identify (30 gold).
 20482 | Orc:1    | Bought a scroll of identify for 30 gold pieces
 20571 | Orc:1    | 20571 ||| UPGRADING to amulet of the acrobat.
 20618 | Orc:2    | 20618 ||| INVOKING Heroism.
 20727 | Orc:2    | Reached XP level 16. HP: 157/157 MP: 23/23
 20758 | Orc:2    | Noticed Nessos
 20765 | Orc:2    | 20765 ||| INVOKING Heroism.
 20773 | Orc:2    | HP: 28/157 [Nessos/arrow (13)]
 20774 | Orc:2    | 20774 ||| READING 4 scrolls of teleportation.
 20775 | Orc:2    | 20775 ||| DRINKING 2 potions of heal wounds.
 20776 | Orc:2    | 20776 ||| DRINKING potion of heal wounds.
 20777 | Orc:2    | Killed Nessos
 20777 | Orc:2    | Found Yvitys's Armour Shoppe.
 20777 | Orc:2    | Found Plog's Distillery.
 20777 | Orc:2    | Found Boprunk's Antique Armour Emporium.
 20777 | Orc:2    | Found Vedyfem's Assorted Antiques.
 20778 | Orc:2    | 20778 ||| Stepping ~*~*~tactically~*~*~ (outnumbered).
 20779 | Orc:2    | HP: 39/157 [poisoned by Nessos]
 20780 | Orc:2    | 20780 ||| READING 3 scrolls of teleportation.
 20780 | Orc:2    | HP: 7/157 [orc knight/+0 great mace (21)]
 20780 | Orc:2    | Slain by an orc warrior

Levels and vault maps discovered:
D:1:      lightli_arrival_noodles, layout_basic
D:2:      layout_loops_cross, minmay_lizard_pond
D:3:      layout_loops_ring, nicolae_tso_besieged_by_evil, okawaru_gym_becter,
          ebering_ecumenical_altar_box, uniq_robin, uniq_crazy_yiuf_cottage
D:4:      minmay_recursive_quarters, layout_loops_ring, cheibriados_altar_1,
          minmay_temple_entry_nine_rooms
D:5:      layout_basic, mainiacjoe_overflow_alcove_2, serial_shops,
          nicolae_shop_advertising_works [nicolae_subvault_shop_adworks],
          minmay_shop_grid_forest
D:6:      layout_rooms
D:7:      layout_basic, old_standard_altar, gammafunk_temple_overflow_wave,
          gammafunk_ghost_split
D:8:      layout_loops_ring, kennysheep_little_box, serial_shops,
          nicolae_stop_n_shop_2, uniq_joseph
D:9:      layout_basic, orc_david_3, uniq_maggie, uniq_maurice, uniq_psyche
D:10:     cheibrodos_barr_body, layout_grid_maze, nicolae_vehumet_altar_sigil,
          kennysheep_generic_room_10
D:11:     layout_stronghold, dpeg_lair_monsters,
          nicolae_concentric_dashed_squares_mild
D:12:     layout_loops_ring
D:13:     layout_basic, serial_shops, nicolae_shop_just_a_little_nook
D:14:     layout_long_grid, grunt_vaults_entry_tiered,
          kennysheep_cross_bottleneck
D:15:     grunt_enter_depths_giant_problem, layout_grid_maze,
          chequers_serial_rivers_micro_e, uniq_josephine
Lair:1:   layout_cave_pods, serial_bayou_pond_e
Lair:2:   layout_gridlike, minmay_swamp_entry_worms
Lair:3:   hangedman_what_comes_after_a, layout_loops_ring,
          nicolae_spider_entry_orb_guardian, st_stairs_12,
          eino_small_chamber_without_monster, minmay_stone_trees_small,
          serial_bayou_crossing
Lair:4:   layout_cave_pods, slime_entry_1, nicolae_quartered_pool_little,
          lemuel_fruit_fields
Lair:5:   evilmike_catoblepas_cave, layout_regular_city
Orc:1:    dreamdust_under_siege, layout_caves, serial_shops, shop_fountains,
          lemuel_statue_altar
Orc:2:    st_orc_pillars, layout_caves, serial_shops, shop, basic_altar,
          uniq_saint_roka, uniq_snorg, uniq_nessos

Skill      XL: |  1  2  3  4  5  6  7  8  9 10 11 12 13 14 15 |
---------------+----------------------------------------------+-----
Ranged Weapons | 4 5 6 7 8 10 11 13 14 15 16 17 | 17.4
Fighting       | 3 4 5 7 8 9 10 12 13 | 13.4
Dodging        | 2 3 4 5 6 7 9 10 | 10.0
Invocations    | 1 4 7 10 | 10.0
Armour         | 1 3 4 5 7 |  7.0
Stealth        | |  1.5

Action                     |  1- 3 |  4- 6 |  7- 9 | 10-12 | 13-15 | 16-18 || total
---------------------------+-------+-------+-------+-------+-------+-------++-------
   Fire: Shortbow          |    67 |   126 |   286 |   251 |       |       ||   730
         Orcbow            |       |       |       |   393 |  1073 |       ||  1466
         Arbalest          |       |       |       |       |   305 |    35 ||   340
 Invoke: Heroism           |       |       |     9 |    25 |    28 |     1 ||    63
         Finesse           |       |       |       |       |     9 |       ||     9
Ability: Spit Poison       |    27 |    34 |    57 |    70 |       |       ||   188
    Use: Scroll            |     3 |     7 |     5 |    11 |     7 |     2 ||    35
         Potion            |     1 |     2 |     9 |     7 |     2 |     2 ||    23
 Armour: Leather armour    |     3 |    28 |    60 |     6 |       |       ||    97
         Swamp dragon scal |       |       |       |    45 |       |       ||    45
         Troll leather arm |       |       |       |   156 |   206 |     5 ||   367
  Dodge: Dodged            |    21 |    58 |   150 |   628 |   614 |    41 ||  1512

Table legend:
 A = Non-vault XP
 B = Vault XP
 C = Vault XP percentage of total XP
 D = Non-vault monster count
 E = Vault monster count
 F = Vault count percentage of total count
                 A         B        C        D         E       F
            +---------+---------+-------+---------+---------+-------
      Total |   82691 |   48177 |  36.8 |     451 |     214 |  32.2
            +---------+---------+-------+---------+---------+-------
        D:1 |      22 |       0 |   0.0 |      13 |       0 |   0.0
        D:2 |     196 |       7 |   3.4 |      29 |       7 |  19.4
        D:3 |      26 |      86 |  76.8 |      15 |      17 |  53.1
        D:4 |     244 |     209 |  46.1 |      16 |       8 |  33.3
        D:5 |     516 |       0 |   0.0 |      20 |       0 |   0.0
        D:6 |     540 |       0 |   0.0 |      18 |       0 |   0.0
        D:7 |     639 |       0 |   0.0 |      15 |       0 |   0.0
        D:8 |    1897 |     899 |  32.2 |      26 |       4 |  13.3
        D:9 |    1318 |     895 |  40.4 |      16 |       8 |  33.3
       D:10 |    1840 |    3785 |  67.3 |      18 |      16 |  47.1
       D:11 |    2829 |    2828 |  50.0 |      22 |       5 |  18.5
       D:12 |    4220 |       0 |   0.0 |      17 |       0 |   0.0
       D:13 |    5179 |       0 |   0.0 |      14 |       0 |   0.0
       D:14 |   12266 |    7510 |  38.0 |      27 |      25 |  48.1
       D:15 |   23338 |    3015 |  11.4 |      46 |       7 |  13.2
     Lair:1 |    4459 |       0 |   0.0 |      19 |       0 |   0.0
     Lair:2 |    1179 |     170 |  12.6 |       6 |       1 |  14.3
     Lair:3 |    1585 |    8360 |  84.1 |       4 |      58 |  93.5
     Lair:4 |    5625 |       0 |   0.0 |      23 |       0 |   0.0
     Lair:5 |   11634 |   12093 |  51.0 |      48 |      23 |  32.4
      Orc:1 |    1485 |    2291 |  60.7 |      19 |      19 |  50.0
      Orc:2 |    1654 |    6029 |  78.5 |      20 |      16 |  44.4
            +---------+---------+-------+---------+---------+-------
